 Dungeon Crawl Stone Soup version 0.29-a0-2-g12fcac58f8 (webtiles) character file.

Game seed: 7598811417596215123

21 dracfodder the Digger (level 2, -8/15 HPs)
             Began as a Gargoyle Earth Elementalist on Jan 26, 2022.
             Mangled by an iguana (10 damage)
             ... on level 2 of the Dungeon.
             The game lasted 00:12:12 (1475 turns).

dracfodder the Digger (Gargoyle Earth Elementalist) Turns: 1475, Time: 00:12:12

Health: -8/15      AC:  5    Str: 11    XL:     2   Next: 83%
Magic:  5/5        EV: 10    Int: 15    God:
Gold:   81         SH:  6    Dex: 10    Spells: 2/5 levels left

rFire   . . .      SeeInvis .   a - +0 flail
rCold   . . .      Faith    .   e - +0 kite shield
rNeg    + . .      Spirit   .   b - +0 robe
rPois   ∞          Reflect  .   (no helmet)
rElec   +          Harm     .   (no cloak)
rCorr   .          Rampage  .   (no gloves)
Will    .....                   k - +0 pair of boots
Stlth   ++........              (no amulet)
HPRegen 0.05/turn               (no ring)
MPRegen 0.09/turn               (no ring)

@: no status effects
A: sickness immunity, AC +2, negative energy resistance 1, electricity
resistance, torment resistance 1, petrification resistance
a: no special abilities


You were on level 2 of the Dungeon.
You visited 1 branch of the dungeon, and saw 3 of its levels.

You collected 81 gold pieces.

Inventory:

Hand Weapons
 a - a +0 flail (weapon)
Missiles
 c - 12 stones
 d - 4 silver boomerangs
 i - 14 arrows
 j - a throwing net
Armour
 b - a +0 robe (worn)
 e - a +0 kite shield (worn)
 k - a +0 pair of boots (worn)
Scrolls
 f - a scroll of vulnerability {unknown}
 h - 2 scrolls of fog {unknown}
Potions
 g - a potion of curing {unknown}


   Skills:
 - Level 1.7 Dodging
 - Level 2.2 Stealth
 * Level 0.9 Shields
 - Level 2.0 Spellcasting
 - Level 0.7 Transmutations
 + Level 4.4 Earth Magic


You had 2 spell levels left.
You knew the following spells:

 Your Spells              Type           Power      Damage    Failure   Level
a - Sandblast             Erth           28%        2d8       12%         1
b - Passwall              Tmut/Erth      7%         N/A       36%         2

Your spell library contained the following spells:

 Spells                   Type           Power      Damage    Failure   Level
 Ensorcelled Hibernation  Hex/Ice        2%         N/A       75%         2
 Stone Arrow              Conj/Erth      16%        3d8       67%         3
 Spider Form              Tmut/Pois      2%         N/A       89%         3
 Frozen Ramparts          Ice            2%         1d2       92%         3
 Petrify                  Tmut/Erth      9%         N/A       95%         4
 Anguish                  Hex/Necr       0%         N/A       100%        4
 Ice Form                 Ice/Tmut       2%         N/A       100%        4
 Summon Ice Beast         Ice/Summ       1%         N/A       100%        4


Dungeon Overview and Level Annotations

Branches:
Dungeon (3/15)

Altars:

Annotations:
D:2 Sigmund


Innate Abilities, Weirdness & Mutations

You are immune to sickness and miasma.
Your stone body is resilient. (AC +2)
You are immune to poison.
You resist negative energy. (rN+)
You are resistant to electric shocks. (rElec)
You are resistant to unholy torment.
You are immune to petrification.


Message History

Level annotation: Sigmund
There is a stone staircase leading down here.
Found a pair of boots.
You see here a +0 pair of boots.
You start putting on your armour.
You continue putting on your +0 pair of boots. x4
You finish putting on your +0 pair of boots.
Unknown command.
Found an escape hatch in the ceiling.
There is a stone staircase leading down here.
You see here a +0 short sword.
You see here a +0 dagger.
Found a stone staircase leading down.
There is a stone staircase leading down here.
There is a stone staircase leading down here.
You climb downwards.
There is a stone staircase leading up here.
You climb upwards.
Level annotation: Sigmund
There is a stone staircase leading down here.
A goblin comes into view. It is wielding a +0 club.
You barely miss the iguana. The iguana bites you.
The iguana closely misses you.
You hit the iguana.
The iguana is lightly wounded.
The iguana misses you.
You closely miss the iguana.
The iguana is lightly wounded.
You block the iguana's attack. The iguana misses you.
You sock the iguana!
The iguana is heavily wounded.
The iguana bites you!
Ouch! That really hurt!
* * * LOW HITPOINT WARNING * * *
The iguana closely misses you.
You barely miss the iguana.
The iguana is heavily wounded.
The iguana bites you!
Ouch! That really hurt!
You die...

#.# #.# #.#
#######.##.
#..........
#.#####.###
########.#####.#
#..............#
#@######.#######
#l# #.#
###.######g#
#...........
#.#.........
#.########.#. #
#.#.


You could see an iguana.

Vanquished Creatures
  A dart slug (D:1)
  3 endoplasms (D:1)
  A giant cockroach (D:1)
  3 goblins
  3 hobgoblins
  A bat (D:1)
  2 kobolds
  2 rats
16 creatures vanquished.

Notes
Turn   | Place    | Note
-------+----------+-------------------------------------------
     0 | D:1      | dracfodder the Gargoyle Earth Elementalist began the quest
                  | for the Orb.
     0 | D:1      | Reached XP level 1. HP: 10/10 MP: 3/3
   320 | D:2      | Noticed Sigmund
   452 | D:2      | Noticed an iguana
   463 | D:1      | Reached skill level 4 in Earth Magic
   595 | D:1      | Reached XP level 2. HP: 15/15 MP: 3/5
  1213 | D:2      | Learned a level 2 spell: Passwall
  1475 | D:2      | Mangled by an iguana

Illustrated notes

Levels and vault maps discovered:
D:1:      minmay_arrival_radiant_lines, layout_loops_ring, fountainhead,
          minmay_ruptured
D:2:      layout_loops_ring, uniq_sigmund
D:3:      layout_loops_ring, uniq_natasha, uniq_crazy_yiuf_cottage

Skill      XL: |  1 |
---------------+----+-----
Earth Magic    | 4 |  4.4
Dodging        | |  1.7
Stealth        | |  2.2
Shields        | |  0.9
Spellcasting   | |  2.0
Transmutations | |  0.7

Action                   || total
-------------------------++-------
Melee: Dagger            ||     2
       Flail             ||     6
 Cast: Sandblast         ||    22
Dodge: Dodged            ||     7
Block: Kite shield       ||     4

Table legend: (Time is in decaauts)
 A = Elapsed time spent in this place.
 B = Non-inter-level travel time spent in this place.
 C = Inter-level travel time spent in this place.
 D = Time resting spent in this place.
 E = Time spent auto-exploring this place.
 F = Levels seen in this place.
 G = Mean time per level.
                   A        B        C        D        E       F      G
               +--------+--------+--------+--------+--------+-----+--------+
         Total |   1481 |   1448 |     33 |    371 |    362 |   3 |  493.7 |
       Dungeon |   1481 |   1448 |     33 |    371 |    362 |   3 |  493.7 |
               +--------+--------+--------+--------+--------+-----+--------+

Top non-repeatable levels by time:
     D:1: 1147 daAuts
     D:2: 327 daAuts
     D:3: 7 daAuts
